 Dungeon Sprint DCSS version 0.30.1-11-g7821555f0a (webtiles) character file.

Game seed: 7771776094082672470

102 Groucho the Digger (level 4, -4/24 HPs)
             Began as a Deep Elf Earth Elementalist on Jan 17, 2024.
             Slain by a water elemental (14 damage)
             ... in the Dungeon (Sprint III: "The Ten Rune Challenge").
             The game lasted 00:01:24 (356 turns).

Groucho the Digger (Deep Elf Earth Elementalist)     Turns: 356, Time: 00:01:24

Health: -4/24      AC:  2    Str:  5    XL:     4   Next: 50%
Magic:  12/14      EV: 12    Int: 22    God:
Gold:   21         SH:  0    Dex: 15    Spells: 12/16 levels left

rFire   . . .        (no weapon)
rCold   . . .        (no shield)
rNeg    . . .        a - +0 robe
rPois   .            (no helmet)
rElec   .            (no cloak)
rCorr   .            (no gloves)
SInv    .            (no boots)
Will    .....        (no amulet)
Stlth   ++           (no ring)
HPRegen 0.24/turn    (no ring)
MPRegen 0.14/turn

%: no teleportation
@: no status effects
A: no striking features
a: no special abilities


You were in the Dungeon.
You visited 1 branch You collected 21 gold pieces.

Inventory:

Armour
 a - a +0 robe (worn)
Scrolls
 e - 3 scrolls of poison {unknown}
 g - a scroll of blinking
 i - 2 scrolls of identify
Potions
 b - 3 potions of magic
 c - a potion of curing
 d - 2 potions of heal wounds
 f - a potion of berserk rage
 h - a potion of might {unknown}
 j - a potion of flight {unknown}
 k - 6 potions of mutation


   Skills:
 - Level 2.4 Dodging
 - Level 2.4 Stealth
 + Level 6.5 Spellcasting
 + Level 4.6 Conjurations
 - Level 1.1 Transmutations
 * Level 7.7 Earth Magic


You had 12 spell levels left.
You knew the following spells:

 Your Spells              Type           Power      Damage    Failure   Level
a - Sandblast             Erth           82%        2d17      1%          1
b - Stone Arrow           Conj/Erth      68%        3d11      1%          3

Your spell library contained the following spells:

 Spells                   Type           Power      Damage    Failure   Level
 Passwall                 Tmut/Erth      21%        N/A       2%          2
 Petrify                  Tmut/Erth      26%        N/A       14%         4


Dungeon Overview and Level Annotations

Branches:
Dungeon (1/1)

Altars:


Message History

a potion of mutation; 2 potions of mutation Your extra speed is starting to run out.
k - a potion of mutation;
k - 3 potions of mutation (gained 2)
k - 4 potions of mutation (gained 1)
e - 2 scrolls labelled YLEGIR CAQEHA (gained 1)
e - 3 scrolls labelled YLEGIR CAQEHA (gained 1)
k - 6 potions of mutation (gained 2);
d - 2 potions of heal wounds (gained 1)
You now have 21 gold pieces (gained 5).
There is an open door here.
You feel yourself slow down.
You start resting.
You start resting.
Magic restored.
You start waiting.
You start waiting.
Done waiting.
You open the door.
A water elemental comes into view.
Aiming: Sandblast (safe; 1% risk of failure)
Press: ? - help, Q - select action, (/) - cycle Shift-Dir - straight line, f - water elemental
Aim: a water elemental (91% to hit)
The blast of sand hits the water elemental!
The water elemental is heavily damaged.
Unknown command.
Unknown command.
Aiming: Sandblast (safe; 1% risk of failure)
Press: ? - help, Q - select action, (/) - cycle Shift-Dir - straight line, f/p - water elemental
Aim: a water elemental (heavily damaged, 91% to hit)
The blast of sand hits the water elemental but does no damage.
The water elemental is heavily damaged.
The water elemental barely misses you. The water elemental hits you!
Ouch! That really hurt!
The water elemental engulfs you in water!
Unknown command.
You slip free of the water engulfing you.
You gasp with relief as air once again reaches your lungs.
The water elemental attacks as you move away!
The water elemental hits you!
Ouch! That really hurt!
You die...

▓...#......#####..#
▓..##.......#..#..#
▓##.##.##...#..#..###+#+#
##.##.###..##'#..#......
▓#.####.##..###...'.⌠....
▓.###..##..####...#...###
▓#.....##..###....# ⌠.#
###..##)..##.....# .#
##†.##...@#......# #
#..###..##E#.....# #..#
#.. ####....# ▓▓▓▓ ▓▓▓
▓▓▓▓▓▓


You could see a water elemental.

Vanquished Creatures
  A scorpion (D)
  Jessica (D)
  A human (D)
  An endoplasm (D)
  2 rats (D)
6 creatures vanquished.

Notes
Turn   | Place    | Note
-------+----------+-------------------------------------------
     0 | D        | Groucho the Deep Elf Earth Elementalist began the quest for
                  | the Orb.
     0 | D        | Reached XP level 1. HP: 10/10 MP: 6/6
    13 | D        | Reached skill level 1 in Conjurations
    29 | D        | Reached skill level 4 in Earth Magic
    57 | D        | Noticed Jessica
    59 | D        | Killed Jessica
    60 | D        | Reached skill level 5 in Earth Magic
    60 | D        | Reached XP level 2. HP: 15/15 MP: 5/9
    60 | D        | Reached XP level 3. HP: 19/19 MP: 6/11
    65 | D        | Learned a level 3 spell: Stone Arrow
    70 | D        | Noticed a scorpion
    81 | D        | Killed a scorpion
    82 | D        | Reached skill level 7 in Earth Magic
    82 | D        | Reached XP level 4. HP: 24/24 MP: 5/14
   346 | D        | Noticed a water elemental
   356 | D        | Slain by a water elemental

Illustrated notes

Levels and vault maps discovered:
D:        dungeon_sprint_mu [sprint_mu_entry_cave, sprint_mu_temple_rooms,
          sprint_mu_d1_spiders, sprint_mu_d2_genie, sprint_mu_d3_branching,
          sprint_mu_orc_legion, sprint_mu_elf_gauntlet, sprint_mu_hive_nellie,
          sprint_mu_lair_fedhas, sprint_mu_vaults_butterflies,
          sprint_mu_slime_circle, sprint_mu_swamp_cave, sprint_mu_shoals_kraken,
          sprint_mu_blade_basic, sprint_mu_crypt_fortress,
          sprint_mu_tomb_spiral, sprint_mu_vestibule_basic,
          sprint_mu_gehenna_hellfire, sprint_mu_dis_giant,
          sprint_mu_tartarus_statrot, sprint_mu_cocytus_islands, sprint_mu_zot1]

Skill      XL: |  1  2  3 |
---------------+----------+-----
Conjurations   | 2 4 |  4.6
Earth Magic    | 5 7 |  7.7
Spellcasting   | 4 6 |  6.5
Dodging        | |  2.4
Stealth        | |  2.4
Transmutations | |  1.1

Action                     |  1- 3 |  4- 6 || total
---------------------------+-------+-------++-------
   Cast: Sandblast         |     7 |     6 ||    13
    Use: Potion            |     1 |       ||     1
  Dodge: Dodged            |       |     1 ||     1
